 Dungeon Crawl Stone Soup version 0.22-a0-525-gf69a080 (webtiles) character file.

1035 Azzok the Fighter (level 8, -5/59 HPs)
             Began as a Gargoyle Berserker on June 21, 2018.
             Was a Priest of Trog.
             Killed by divine providence
             ... invoked by an orc priest
              (10 damage)
             ... on level 5 of the Dungeon.
             The game lasted 00:07:18 (3747 turns).

Azzok the Fighter (Gargoyle Berserker)              Turns: 3747, Time: 00:07:18

Health: -5/59      AC: 15    Str: 23    XL:     8   Next: 24%
Magic:  8/8        EV:  8    Int:  8    God:    Trog [***...]
Gold:   305        SH:  0    Dex:  9    Spells: 7/7 levels left

rFire    . . .     SeeInvis .   e - +1 hand axe (freeze)
rCold    . . .     Gourm    .   (no shield)
rNeg     + . .     Faith    .   f - +0 chain mail
rPois    ∞         Spirit   .   s - +0 helmet
rElec    +         Reflect  .   (no cloak)
rCorr    .         Harm     .   (no gloves)
MR       .....                  (no boots)
Stlth    ..........             (no amulet)
HPRegen  0.19/turn              (no ring)
MPRegen  0.11/turn              (no ring)

@: berserk cooldown, slowed, very slow
A: negative energy resistance 1, electricity resistance, unbreathing,
petrification resistance, rot immunity, AC +5
a: Berserk, Trog's Hand, Renounce Religion


You were on level 5 of the Dungeon.
You worshipped Trog.
Trog was most pleased with you.
You were hungry.

You visited 1 branch of the dungeon, and saw 5 of its levels.

You collected 305 gold pieces.

Inventory:

Hand Weapons
 e - a +1 hand axe of freezing (weapon)
Missiles
 k - 8 arrows
Armour
 f - a +0 chain mail (worn)
 s - a +0 helmet (worn)
Jewellery
 w - a cursed ring of loudness {unknown}
 z - a +5 ring of protection {unknown}
Wands
 x - a wand of disintegration (8)
Scrolls
 a - 2 scrolls of enchant weapon {unknown}
 b - a scroll of noise {unknown}
 d - a scroll of blinking {unknown}
 i - 2 scrolls of enchant armour {unknown}
 l - 3 scrolls of identify {unknown}
 m - 2 scrolls of immolation {unknown}
 n - 5 scrolls of fear {unknown}
 u - 2 scrolls of fog {unknown}
 v - a scroll of magic mapping {unknown}
 y - 2 scrolls of remove curse {unknown}
 B - 2 scrolls of teleportation {unknown}
Potions
 g - 3 potions of lignification {unknown}
 h - 2 potions of curing {unknown}
 o - a potion of agility {unknown}
 p - 3 potions of heal wounds {unknown}
 q - a potion of cancellation {unknown}
 r - a potion of haste {unknown}
 t - 2 potions of magic {unknown}
 A - a potion of flight {unknown}
Comestibles
 c - 7 rations
 j - 2 chunks of flesh


   Skills:
 + Level 10.6 Fighting
 - Level 2.6 Axes
 - Level 2.1 Armour
 - Level 1.5 Dodging


You had 7 spell levels left.
You didn't know any spells.
Your spell library was empty.

Dungeon Overview and Level Annotations

Branches:
Dungeon (5/15)             Temple (0/1) D:4

Altars:
Ashenzari
Dithmenos
Kikubaaqudgha
Nemelex Xobeh
Okawaru
Ru
Sif Muna
Uskayaw
Xom
Zin


Innate Abilities, Weirdness & Mutations

You are resistant to torment.
Your stone body is resilient. (AC +5)
You are immune to poison.
You resist negative energy. (rN+)
You are resistant to electric shocks. (rElec)
You can survive without breathing.
You are immune to petrification.
You are immune to rotting.


Message History

The centaur shoots an arrow. x2
Reactivating autopickup.
You feel a bit more experienced.
You hear some strange, mumbled words.
Deactivating autopickup; reactivate with Ctrl-A.
You are confused.
The crimson imp completely misses you.
The crimson imp hits you but does no damage.
The crimson imp blinks!
The centaur shoots an arrow.
The arrow hits you but does no damage.
The orc priest hits you but does no damage.
You feel less confused. The giant cockroach barely misses you.
The giant cockroach bites you but does no damage.
The giant cockroach barely misses you.
The giant cockroach bites you but does no damage.
The centaur shoots an arrow.
The arrow hits you but does no damage.
The orc priest mumbles some strange prayers to Beogh against you.
Beogh smites you!
You die...

▒·▒▒▒··▒▒▒·····▒ ▒▒▒▒▒▒▒
▒·▒▒··▒▒ ▒▒▒▒▒·▒
▒▒·▒··▒▒▒▒▒ ▒·▒▒▒▒▒▒▒▒
▒▒·········▒ ▒·▒▒·····▒
···▒·▒·▒·▒·▒▒
▒·▒▒·····▒▒▒▒▒▒▒▒▒
············▒▒
▒··▒>·············
···▒†▒·▒·▒···▒
▒▒······▒▒▒▒▒▒▒▒▒▒
·············▒▒▒▒▒▒····▒
▒···
···▒·▒·▒·▒······@·▒▒▒▒·▒
▒··▒ ·············▒··s·▒
▒·▒ ▒··▒
···▒·▒·▒·▒······o·▒ ▒·▒▒··▒
···········▒▒·▒c▒{▒ ▒▒·▒··▒
······▒▒▒▒▒▒▒·····▒▒▒··)(▒▒
·····▒▒ ▒·▒·▒·5··o·▒(·▒
▒▒▒▒▒▒ ▒·····▒····▒▒··▒
▒▒▒·▒▒▒····▒ ▒··▒
▒·▒▒▒····▒ ▒··▒


You could see a centaur, an orc priest, a crimson imp and a giant cockroach.

Vanquished Creatures
  Grinder (D:4)
  Eustachio (D:4)
  Menkaure (D:5)
  A scorpion (D:5)
  3 orc priests
  A centaur skeleton (D:5)
  2 orc wizards
  Natasha (thrice) (D:2)
  2 iguanas
  A worker ant zombie (D:5)
  11 adders
  2 shadow imps
  An ooze (D:3)
  2 worms
  2 leopard geckos
  13 orcs
  5 giant cockroaches
  9 hobgoblins
  3 quokkas
  9 bats
  9 frilled lizards
  4 goblins
  A jackal skeleton (D:5)
  4 kobolds
  A leopard gecko skeleton (D:4)
  A quokka skeleton (D:5)
  9 rats
102 creatures vanquished.

Vanquished Creatures (others)
  A human (D:2)
  An orc wizard (D:5)
2 creatures vanquished.

Grand Total: 104 creatures vanquished

Notes
Turn   | Place    | Note
-------+----------+-------------------------------------------
     0 | D:1      | Azzok the Gargoyle Berserker began the quest for the Orb.
     0 | D:1      | Reached XP level 1. HP: 14/14 MP: 1/1
   315 | D:1      | Reached XP level 2. HP: 20/20 MP: 2/2
   336 | D:1      | Reached skill level 4 in Fighting
   948 | D:2      | Noticed Natasha
   958 | D:2      | Killed Natasha
   958 | D:2      | Reached skill level 5 in Fighting
   958 | D:2      | Reached XP level 3. HP: 11/26 MP: 3/3
  1004 | D:2      | Reached XP level 4. HP: 9/31 MP: 4/4
  1007 | D:2      | Noticed Natasha
  1220 | D:2      | Killed Natasha
  1228 | D:2      | Noticed Natasha
  1235 | D:2      | Killed Natasha
  1235 | D:2      | Reached skill level 6 in Fighting
  1295 | D:2      | Reached XP level 5. HP: 36/36 MP: 5/5
  1361 | D:2      | Reached ** piety under Trog
  1466 | D:2      | Found an ancient bone altar of Kikubaaqudgha.
  1468 | D:2      | Noticed a human
  1469 | D:2      | Killed a human
  1677 | D:3      | Found an iron altar of Okawaru.
  1713 | D:3      | Reached skill level 7 in Fighting
  1716 | D:3      | Reached XP level 6. HP: 44/44 MP: 6/6
  2008 | D:3      | Found a deep blue altar of Sif Muna.
  2469 | D:3      | Found a faded altar of an unknown god.
  2469 | D:3      | Found a hide-covered altar of Uskayaw.
  2474 | D:3      | Found a shadowy altar of Dithmenos.
  2476 | D:3      | Found a shattered altar of Ashenzari.
  2477 | D:3      | Found a faded altar of an unknown god.
  2553 | D:3      | Reached *** piety under Trog
  2659 | D:4      | Noticed Grinder
  2668 | D:4      | Killed Grinder
  2668 | D:4      | Reached skill level 8 in Fighting
  2668 | D:4      | Reached XP level 7. HP: 50/50 MP: 7/7
  2724 | D:4      | Found a staircase to the Ecumenical Temple.
  3001 | D:4      | Noticed Eustachio
  3019 | D:4      | Killed Eustachio
  3019 | D:4      | Reached skill level 9 in Fighting
  3299 | D:4      | Found a sacrificial altar of Ru.
  3300 | D:4      | Found a sparkling altar of Nemelex Xobeh.
  3357 | D:5      | Entered Level 5 of the Dungeon
  3387 | D:5      | Noticed an angel
  3388 | D:5      | Found a glowing silver altar of Zin.
  3388 | D:5      | Found a shimmering altar of Xom.
  3522 | D:5      | Reached skill level 10 in Fighting
  3572 | D:5      | Reached XP level 8. HP: 55/57 MP: 8/8
  3720 | D:5      | Noticed Menkaure
  3725 | D:5      | Killed Menkaure
  3747 | D:5      | Killed from afar by an orc priest

Vault maps used:
D:1:      minmay_arrival_plants_in_alcoves
D:2:      tgw_kikubaaqudgha, uniq_natasha
D:3:      chequers_temple_overflow_minitemple, tgw_sif, okawaru_trees_2
D:4:      gammafunk_temple_overflow_statue, minmay_temple_entry_crystal_x,
          first_ration, minmay_hedge_maze, minmay_tree_intersection,
          kennysheep_small_spiral, uniq_grinder, uniq_eustachio
D:5:      minmay_diamond_boxcup, grunt_temple_overflow_order_and_chaos_1,
          serial_glass, glass_columns_a, glass_columns_a, glass_columns_a,
          glass_columns_a, glass_columns_b, glass_columns_a, glass_columns_c,
          glass_columns_a, glass_columns_a, glass_columns_a, uniq_menkaure

Skill      XL: |  1  2  3  4  5  6  7 |
---------------+----------------------+-----
Fighting       | 5 6 7 8 10 | 10.6
Axes           | |  2.6
Armour         | |  2.1
Dodging        | |  1.5

Action                   |  1- 3 |  4- 6 |  7- 9 || total
-------------------------+-------+-------+-------++-------
Melee: Hand axe          |    61 |   138 |   117 ||   316
Invok: Berserk           |     1 |     4 |     3 ||     8
  Eat: Chunk             |     1 |     9 |     6 ||    16
Armor: Chain mail        |    70 |    94 |    85 ||   249
       Animal skin       |     2 |       |       ||     2
Dodge: Dodged            |    36 |    57 |    45 ||   138

Table legend:
 A = Spawn XP
 B = Non-spawn XP
 C = Spawn XP percentage of total XP
 D = Spawn monster count
 E = Non-spawn monster count
 F = Spawn count percentage of total count
 G = Total turns spent on level
                    A         B        C        D         E        F      G
               +---------+---------+-------+---------+---------+-------+---------
         Total |       0 |    1479 |   0.0 |       0 |     103 |   0.0 |  3747
               +---------+---------+-------+---------+---------+-------+---------
           D:1 |       0 |      22 |   0.0 |       0 |      15 |   0.0 |  1149
           D:2 |       0 |     170 |   0.0 |       0 |      22 |   0.0 |   503
           D:3 |       0 |     273 |   0.0 |       0 |      38 |   0.0 |  1007
           D:4 |       0 |     538 |   0.0 |       0 |      11 |   0.0 |   698
           D:5 |       0 |     476 |   0.0 |       0 |      17 |   0.0 |   390
               +---------+---------+-------+---------+---------+-------+---------
